 Dungeon Crawl Stone Soup version 0.28-a0-413-gde365fb1df (webtiles) character file.

Game seed: 8332302321602780993

6628 siradein the Slicer (level 10, -8/67 HPs)
             Began as a Demonspawn Gladiator on Sept 7, 2021.
             Was a Believer of Dithmenos.
             Mangled by a centaur warrior (9 damage)
             ... on level 9 of the Dungeon on Sept 8, 2021.
             The game lasted 00:50:23 (13097 turns).

siradein the Slicer (Demonspawn Gladiator)         Turns: 13097, Time: 00:50:23

Health: -8/67      AC:  7    Str: 21    XL:     10   Next: 72%
Magic:  15/15      EV: 15    Int: 10    God:    Dithmenos [**....]
Gold:   342        SH:  4    Dex: 17    Spells: 9/9 levels left

rFire   . . .      SeeInvis .   t - +2 rapier (speed)
rCold   + . .      Faith    .   H - +0 buckler
rNeg    . . .      Spirit   .   D - +1 leather armour {rC+}
rPois   +          Reflect  .   w - +1 helmet
rElec   .          Harm     .   (no cloak)
rCorr   .          Rampage  .   K - +0 pair of gloves
Will    .....                   (no boots)
Stlth   ++........              m - amulet of the acrobat
HPRegen 0.21/turn               j - ring of poison resistance
MPRegen 0.14/turn               O - +6 ring of strength

@: wreathed by umbra
A: hooves 1, repulsion field 2, demonic guardian 2
a: Renounce Religion, Shadow Step


You were on level 9 of the Dungeon.
You worshipped Dithmenos.
Dithmenos was pleased with you.
You visited 2 branches of the dungeon, and saw 11 of its levels.

You collected 342 gold pieces.

Inventory:

Hand Weapons
 a - a +0 long sword
 i - a +2 shortbow of flaming
 t - a +2 rapier of speed (weapon)
 N - a +0 great sword
Missiles
 d - 3 throwing nets
 e - 55 poisoned darts (quivered)
 B - a curare-tipped dart
 J - 99 arrows
Armour
 w - a +1 helmet (worn)
 D - a +1 leather armour of cold resistance (worn)
 H - a +0 buckler (worn)
 K - a +0 pair of gloves (worn)
Jewellery
 j - a ring of poison resistance (left hand)
 m - an amulet of the acrobat (around neck)
 y - a +6 ring of intelligence
 z - an amulet of guardian spirit
 C - a ring of fire
 L - a +4 ring of evasion
 O - a +6 ring of strength (right hand)
 P - a ring of positive energy
Scrolls
 b - a scroll of summoning {unknown}
 c - a scroll of blinking {unknown}
 g - 4 scrolls of magic mapping {unknown}
 l - a scroll of fog {unknown}
 n - a scroll of vulnerability {unknown}
 o - a scroll of brand weapon {unknown}
 q - 6 scrolls of teleportation {unknown}
 s - 2 scrolls of enchant armour {unknown}
 v - 3 scrolls of noise {unknown}
 E - a scroll of torment {unknown}
 I - a scroll of immolation {unknown}
 M - 5 scrolls of identify
Potions
 f - 5 potions of curing
 h - 5 potions of attraction
 k - a potion of cancellation {unknown}
 p - 3 potions of might
 r - a potion of invisibility {unknown}
 u - 4 potions of heal wounds
 x - 2 potions of ambrosia {unknown}
 A - 2 potions of haste {unknown}
 F - 2 potions of brilliance {unknown}
 G - a potion of mutation {unknown}


   Skills:
 - Level 2.0 Fighting
 + Level 10.8(12.1) Short Blades
 - Level 9.5(11.5) Long Blades
 - Level 1.7 Throwing
 - Level 2.6 Dodging
 - Level 7.1 Invocations


You had 9 spell levels left.
You didn't know any spells.
Your spell library contained the following spells:

 Spells                   Type           Power      Damage    Failure   Level
 Foxfire                  Conj/Fire      0%         2x1d4     58%         1
 Conjure Flame            Conj/Fire      0%         6-21      92%         3
 Inner Flame              Hex/Fire       0%         N/A       92%         3
 Flame Wave               Conj/Fire      0%         3d3       100%        4
 Malign Gateway           Summ/Tloc      0%         N/A       100%        7
 Summon Horrible Things   Summ           0%         N/A       100%        8


Dungeon Overview and Level Annotations

Branches:
Dungeon (10/15)            Temple (1/1) D:6
   Lair: D:8-11         Orc: D:9-12

Altars:
Ashenzari
Dithmenos
Fedhas
Gozag
Hepliaklqana
Kikubaaqudgha
Nemelex Xobeh
Okawaru
Qazlal
Ru
Sif Muna
Trog
Uskayaw
Xom
Yredelemnul
Zin
The Shining One

Shops:
D:8 (


Innate Abilities, Weirdness & Mutations

You have large cloven feet.
You are surrounded by a moderate repulsion field. (EV +3)
A demonic guardian rushes to your aid.


Message History

Your hellwing closely misses the centaur warrior.
You see here a +0 short sword.
The centaur warrior hits your hellwing with a +0 quarterstaff!
The centaur warrior kicks your hellwing but does no damage.
The centaur warrior hits your hellwing with a +0 quarterstaff!
The centaur warrior kicks your hellwing but does no damage.
Your hellwing hits the centaur warrior! Your hellwing hits the centaur warrior.
The centaur warrior hits your hellwing with a +0 quarterstaff.
The centaur warrior kicks your hellwing but does no damage.
The centaur warrior hits your hellwing but does no damage.
The centaur warrior closely misses your hellwing.
Your hellwing barely misses the centaur warrior.
Your hellwing closely misses the centaur warrior.
The centaur warrior hits your hellwing with a +0 quarterstaff.
The centaur warrior kicks your hellwing but does no damage.
The centaur warrior hits your hellwing with a +0 quarterstaff.
The centaur warrior misses your hellwing.
Your hellwing hits the centaur warrior!
Your hellwing hits the centaur warrior but does no damage.
The centaur warrior hits your hellwing with a +0 quarterstaff!!
Your hellwing dies!
Your hellwing disappears in a puff of smoke!
The centaur warrior shouts!
The centaur warrior rages.
Throw: 56 darts (poison)
Press: ? - help, Q - select action, (/) - cycle Shift-Dir - straight line, f - centaur warrior
Aim: a centaur warrior, wielding a +0 quarterstaff and quivering arrows (almost dead, berserk, umbra, 68% to hit)
You throw a poisoned dart.
The poisoned dart barely misses the centaur warrior.
The centaur warrior closely misses you.
The centaur warrior kicks you but does no damage.
You closely miss the centaur warrior.
You kick the centaur warrior, but do no damage.
The centaur warrior is almost dead.
The centaur warrior closely misses you. The centaur warrior kicks you.
* * * LOW HITPOINT WARNING * * *
You hit the centaur warrior. Your kick misses the centaur warrior.
The centaur warrior is almost dead.
The centaur warrior hits you with a +0 quarterstaff!
You die...

....# ####.# #.......
......# ##.##.# #######.
.....>.####...#.########...
..........................
.............##########...
#.#####.###..# #.#. #.#
#..##.#..# #.##
#.###.###..##.#..# #.#
#.....()....c@...# #.# .
#.###.###)##..#..# #.# .[
#.# #(##..#..# #.# #.
##.#####.###..# #.# ##.
##[.)##... #..# #.#
#.c.#.....#.## #..# #.#
#........$# .... #.##
##(.†).#..# .## ########...
##...##..... ...........


You could see a centaur warrior (berserk).

Vanquished Creatures
  A kobold demonologist (D:9)
  A wraith (D:9)
  8 yaks
  A wyvern (D:7)
  Eustachio (D:6)
  3 water moccasins
  4 orc warriors
  A sky beast (D:7)
  A black bear (D:6)
  An ogre (D:7)
  3 necrophages
  4 centaurs
  2 phantoms
  3 kobold brigands
  4 bullfrogs
  A gnoll sergeant (D:6)
  A wyvern zombie (D:5)
  3 scorpions
  7 killer bees
  A howler monkey (D:5)
  2 electric eels (D:6)
  A hound (D:4)
  2 jellies
  An orc priest (D:3)
  Natasha (thrice) (D:2)
  2 iguanas
  5 orc wizards
  A killer bee zombie (D:9)
  2 hound zombies (D:4)
  A hound skeleton (D:5)
  Robin (D:2)
  2 howler monkey zombies (D:9)
  8 gnolls
  4 adders
  An ufetubus (D:6)
  2 adder skeletons (D:4)
  6 worms
  4 dart slugs
  18 orcs
  3 ball pythons
  5 endoplasms
  6 giant cockroaches
  12 goblins
  12 hobgoblins
  7 jackals
  3 quokkas
  4 bats
  5 frilled lizards
  11 kobolds
  10 rats
195 creatures vanquished.

Vanquished Creatures (collateral kills)
  A two-headed ogre (D:9)
  A hornet (D:9)
  A yak (D:8)
  A centaur (D:9)
  A kobold brigand (D:9)
  2 killer bees
  A howler monkey (D:9)
8 creatures vanquished.

Grand Total: 203 creatures vanquished

Notes
Turn   | Place    | Note
-------+----------+-------------------------------------------
     0 | D:1      | siradein the Demonspawn Gladiator began the quest for the
                  | Orb.
     0 | D:1      | Reached XP level 1. HP: 16/16 MP: 1/1
   314 | D:1      | Gained mutation: You are surrounded by a mild repulsion
                  | field. (EV +2) [demonic ancestry]
   314 | D:1      | Reached XP level 2. HP: 22/22 MP: 2/2
   349 | D:1      | Upgraded the game from 0.28-a0-410-gbef64dd269 to
                  | 0.28-a0-413-gde365fb1df
   686 | D:1      | Gained mutation: You are surrounded by a moderate repulsion
                  | field. (EV +3) [demonic ancestry]
   686 | D:1      | Reached XP level 3. HP: 27/27 MP: 3/3
   890 | D:1      | Found a faded altar of an unknown god.
  1134 | D:2      | Noticed Natasha
  1139 | D:2      | Killed Natasha
  1222 | D:2      | Reached XP level 4. HP: 33/33 MP: 4/4
  1642 | D:1      | Reached skill level 5 in Long Blades
  2064 | D:2      | Noticed Natasha
  2077 | D:2      | Killed Natasha
  2078 | D:2      | Reached XP level 5. HP: 18/38 MP: 5/5
  2444 | D:2      | Noticed Natasha
  2448 | D:2      | Killed Natasha
  2791 | D:2      | Noticed Robin
  2798 | D:2      | Killed Robin
  3480 | D:3      | Gained mutation: You have large cloven feet. [demonic
                  | ancestry]
  3480 | D:3      | Reached XP level 6. HP: 44/44 MP: 6/6
  3977 | D:4      | Found an iron altar of Okawaru.
  4402 | D:4      | Found a basalt altar of Yredelemnul.
  4616 | D:4      | Reached XP level 7. HP: 42/50 MP: 7/7
  4754 | D:5      | Entered Level 5 of the Dungeon
  5358 | D:5      | Gained mutation: A weak demonic guardian rushes to your
                  | aid. [demonic ancestry]
  5358 | D:5      | Reached XP level 8. HP: 46/56 MP: 8/8
  6061 | D:6      | Found a staircase to the Ecumenical Temple.
  6070 | Temple   | Entered the Ecumenical Temple
  6208 | Temple   | Became a worshipper of Dithmenos the Shadowed
  6253 | D:6      | Reached skill level 1 in Invocations
  6256 | D:6      | Reached skill level 1 in Short Blades
  6271 | D:6      | Noticed Eustachio
  6346 | D:6      | Killed Eustachio
  6522 | D:6      | Found a sparkling altar of Nemelex Xobeh.
  6643 | D:6      | Reached skill level 2 in Short Blades
  6834 | D:6      | Found a broken altar of Ashenzari.
  7547 | D:6      | Reached skill level 3 in Short Blades
  7758 | D:6      | Reached skill level 5 in Invocations
  8360 | D:7      | Reached XP level 9. HP: 61/61 MP: 11/13
  8459 | D:7      | Reached skill level 4 in Short Blades
  8723 | D:7      | Reached * piety under Dithmenos
  9267 | D:8      | Found Neecsag's Antique Weapon Emporium.
  9288 | D:8      | Reached skill level 5 in Short Blades
  9687 | D:8      | Reached skill level 6 in Short Blades
 10073 | D:8      | Reached skill level 7 in Short Blades
 10470 | D:9      | Reached skill level 8 in Short Blades
 10470 | D:9      | Gained mutation: A demonic guardian rushes to your aid.
                  | [demonic ancestry]
 10470 | D:9      | Reached XP level 10. HP: 46/67 MP: 15/15
 11519 | D:8      | Found a shimmering altar of Xom.
 11779 | D:8      | Found a bloodstained altar of Trog.
 11848 | D:8      | Reached skill level 9 in Short Blades
 11969 | D:10     | Entered Level 10 of the Dungeon
 12003 | D:9      | Found a blossoming altar of Fedhas.
 12485 | D:9      | Reached ** piety under Dithmenos
 12497 | D:9      | Noticed a two-headed ogre
 12763 | D:9      | Killed a two-headed ogre
 12764 | D:9      | Reached skill level 10 in Short Blades
 13077 | D:9      | Noticed a centaur warrior
 13086 | D:9      | HP: 3/67 [centaur warrior (6)]
 13096 | D:9      | HP: 1/67 [centaur warrior (4)]
 13097 | D:9      | Mangled by a centaur warrior

Illustrated notes

Levels and vault maps discovered:
D:1:      dpeg_arrival_castle, layout_basic, chequers_ecumenical_altar_lobes
D:2:      layout_basic, uniq_robin, uniq_natasha
D:3:      minmay_general_purpose_star, layout_basic
D:4:      layout_loops_corners, lemuel_doored_altar,
          lemuel_zombie_altar_yredelemnul
D:5:      layout_rooms, minmay_misc_feat_x
D:6:      layout_basic, nemelex_xobeh_ov_fountains_minmay,
          nicolae_ashenzari_skybound, tso_metal_star, minmay_temple_entry_trees,
          kennysheep_boxes, uniq_eustachio
D:7:      layout_basic
D:8:      layout_cave_pods, trog_butcher_becter,
          mainiacjoe_overflow_surrounded_room, serial_shops, nicolae_shop_stone,
          kennysheep_generic_room_8
D:9:      minmay_the_grid_square_5x5_3x3 [minmay_the_grid_square_5x5_three,
          minmay_the_grid_square_5x5_slash, minmay_the_grid_square_5x5_v,
          minmay_the_grid_square_5x5_plus,
          minmay_the_grid_square_5x5_megaprize_hollow,
          minmay_the_grid_square_5x5_n_small,
          minmay_the_grid_square_5x5_intrusive_squares,
          minmay_the_grid_square_5x5_pentomino_r,
          minmay_the_grid_square_5x5_half_checkered], layout_loops_corners,
          mainiacjoe_overflow_boulevard, minitemple
D:10:     layout_small_grid, lightli_temple_of_fire, nzn_wu_jian_contemplation,
          general_overflow_altar, minivault_5, the_hattery
Temple:   nicolae_temple_figure_zero

Skill      XL: |  1  2  3  4  5  6  7  8  9 10 |
---------------+-------------------------------+-----
Long Blades    | 3 4 5 6 7 9 |  9.5
Invocations    | 5 7 |  7.1
Short Blades   | 3 8 10 | 10.8
Fighting       | |  2.0
Throwing       | |  1.7
Dodging        | |  2.6

Action                   |  1- 3 |  4- 6 |  7- 9 | 10-12 || total
-------------------------+-------+-------+-------+-------++-------
Melee: Long sword        |   102 |   138 |    42 |    12 ||   294
       Rapier            |       |    84 |   363 |   220 ||   667
       Kick              |       |    16 |   124 |    79 ||   219
       Great sword       |       |       |     6 |       ||     6
Throw: Dart              |       |       |     6 |     3 ||     9
  Use: Scroll            |       |       |     3 |       ||     3
       Potion            |       |       |       |     1 ||     1
 Stab: Sleeping          |       |       |     1 |       ||     1
       Distracted        |       |       |       |     1 ||     1
Armor: Leather armour    |    26 |    13 |     7 |    25 ||    71
       Scale mail        |       |    34 |       |       ||    34
       Ring mail         |       |     5 |    82 |       ||    87
Dodge: Dodged            |    86 |   147 |   313 |   195 ||   741
Block: Buckler           |       |       |    18 |    17 ||    35

Table legend: (Time is in decaauts)
 A = Elapsed time spent in this place.
 B = Non-inter-level travel time spent in this place.
 C = Inter-level travel time spent in this place.
 D = Time resting spent in this place.
 E = Time spent auto-exploring this place.
 F = Levels seen in this place.
 G = Mean time per level.
                   A        B        C        D        E       F      G
               +--------+--------+--------+--------+--------+-----+--------+
         Total |  12865 |  12535 |    330 |   2120 |   7918 |  11 | 1169.5 |
       Dungeon |  12716 |  12386 |    330 |   2120 |   7805 |  10 | 1271.6 |
        Temple |    148 |    148 |      0 |      0 |    113 |   1 |  148.0 |
               +--------+--------+--------+--------+--------+-----+--------+

Top non-repeatable levels by time:
     D:6: 1995 daAuts
     D:8: 1805 daAuts
     D:9: 1550 daAuts
     D:2: 1507 daAuts
     D:1: 1450 daAuts
     D:4: 1313 daAuts
     D:7: 1209 daAuts
     D:5: 1109 daAuts
     D:3: 773 daAuts
  Temple: 148 daAuts
    D:10: 1 daAuts
